 Dungeon Crawl Stone Soup version 0.24.0-124-g2791043dd8 (webtiles) character file.

Game seed: 1819126755769094506, levelgen mode: deterministic

86 Lemonice the Gusty (level 4, -4/24 HPs)
             Began as a Tengu Air Elementalist on Feb 16, 2020.
             Slain by an orc wizard
             ... wielding a +0 dagger
              (6 damage)
             ... on level 3 of the Dungeon.
             The game lasted 00:05:11 (2798 turns).

Lemonice the Gusty (Tengu Air Elementalist)         Turns: 2798, Time: 00:05:12

Health: -4/24      AC:  2    Str:  9    XL:     4   Next: 49%
Magic:  1/9        EV: 12    Int: 16    God:
Gold:   63         SH:  0    Dex: 14    Spells: 4/8 levels left

rFire    . . .     SeeInvis .   (no weapon)
rCold    . . .     Gourm    .   (no shield)
rNeg     . . .     Faith    .   a - +0 robe
rPois    .         Spirit   .   (helmet restricted)
rElec    .         Reflect  .   (no cloak)
rCorr    .         Harm     .   (no gloves)
MR       .....                  (boots unavailable)
Stlth    ++........             (no amulet)
HPRegen  0.08/turn              (no ring)
MPRegen  0.11/turn              (no ring)

@: no status effects
A: beak, talons 3
a: no special abilities


You were on level 3 of the Dungeon.
You were not hungry.

You visited 1 branch of the dungeon, and saw 3 of its levels.

You collected 63 gold pieces.

Inventory:

Armour
 a - a +0 robe (worn)
Jewellery
 i - a cursed -2 ring of intelligence {unknown}
Scrolls
 d - a scroll of immolation {unknown}
 f - 2 scrolls of identify {unknown}
 g - 2 scrolls of teleportation {unknown}
 l - a scroll of amnesia {unknown}
Potions
 b - 3 potions of curing {unknown}
 e - 2 potions of lignification {unknown}
 h - a potion of haste {unknown}
 k - a potion of degeneration {unknown}
Comestibles
 c - 2 rations
 j - 4 chunks of flesh


   Skills:
 - Level 2.1 Dodging
 - Level 2.0 Stealth
 + Level 2.9 Spellcasting
 + Level 3.3 Conjurations
 + Level 5.1 Air Magic


You had 4 spell levels left.
You knew the following spells:

 Your Spells              Type           Power        Failure   Level  Hunger
a - Shock                 Conj/Air       ###.         3%          1    #......
b - Static Discharge      Conj/Air       ###.....     10%         3    ###....

Your spell library contained the following spells:

 Spells                   Type           Power        Failure   Level  Hunger
 Swiftness                Chrm/Air       ##......     10%         2    ##.....
 Airstrike                Air            ###.......   22%         4    #####..
 Lightning Bolt           Conj/Air       ###.......   67%         5    ######.


Dungeon Overview and Level Annotations

Branches:
Dungeon (3/15)

Altars:


Innate Abilities, Weirdness & Mutations

You have a beak for a mouth.
You have claws for feet.


Message History

The zap hits the orc but does no damage.
The orc is heavily wounded.
The zap hits the orc.
You kill the orc!
Casting: Shock (safe; 3% risk of failure)
Confirm with . or Enter, or press ? or * to list all spells.
Aiming: Shock (safe; 3% risk of failure)
Press: ? - help, Shift-Dir - straight line The zap hits something.
You hear some strange, mumbled words.
A puff of flame appears from out of thin air!
The puff of flame hits you!
Ouch! That really hurt!
* * * LOW HITPOINT WARNING * * *
Casting: Shock (safe; 3% risk of failure)
Confirm with . or Enter, or press ? or * to list all spells.
Aiming: Shock (safe; 3% risk of failure)
Press: ? - help, Shift-Dir - straight line Something hits you.
You die...

### ######### #.. ..##....#
#.#########.##....###
#.#..#.#<.#..+......
##.#..#....#..#....# o
..†...........#....# .o.
##......#####)#....#####..o.w
#...........>......w).....#
##.............@{.)######.#
#........########.#
#........# #.# #......(.# #.#
#........# #.# #.. #.# #.#
#.# #.#


You could see a worm.

Vanquished Creatures
  An adder (D:2)
  An ooze (D:2)
  A worm (D:2)
  A dart slug (D:1)
  A leopard gecko (D:1)
  4 orcs (D:3)
  5 giant cockroaches
  A goblin (D:1)
  9 hobgoblins
  11 jackals
  9 kobolds
  A quokka (D:2)
  4 bats
  2 frilled lizards
  5 rats
56 creatures vanquished.

Notes
Turn   | Place    | Note
-------+----------+-------------------------------------------
     0 | D:1      | Lemonice the Tengu Air Elementalist began the quest for the
                  | Orb.
     0 | D:1      | Reached XP level 1. HP: 10/10 MP: 4/4
   258 | D:1      | Reached XP level 2. HP: 14/15 MP: 1/6
   719 | D:1      | Reached XP level 3. HP: 18/19 MP: 0/7
  1959 | D:2      | Reached XP level 4. HP: 24/24 MP: 7/9
  2141 | D:2      | Reached skill level 5 in Air Magic
  2249 | D:2      | Learned a level 3 spell: Static Discharge
  2798 | D:3      | Slain by an orc wizard

Levels and vault maps discovered:
D:1:      giann_bridges, layout_basic, corexii_corridor_pit
D:2:      layout_basic
D:3:      layout_basic, nicolae_dithmenos_shadow_blocks, first_ration

Skill      XL: |  1  2  3  4 |
---------------+-------------+-----
Conjurations   | 2 3 |  3.3
Air Magic      | 5 |  5.1
Dodging        | |  2.1
Stealth        | |  2.0
Spellcasting   | |  2.9

Action                   |  1- 3 |  4- 6 || total
-------------------------+-------+-------++-------
Melee: Unarmed           |    15 |     3 ||    18
       Peck              |     2 |     1 ||     3
       Kick              |     2 |       ||     2
 Cast: Shock             |    80 |    48 ||   128
  Eat: Chunk             |     4 |     3 ||     7
Armor: Robe              |     3 |     1 ||     4
Dodge: Dodged            |    24 |    13 ||    37
